 Dungeon Crawl Stone Soup version 0.30.0-19-g36f170ea60 (webtiles) character file.

Game seed: 1079946729512920906

8 Sabo the Ducker (level 2, 22/22 HPs)
             Began as a Demonspawn Gladiator on June 1, 2023.
             Got out of the dungeon alive.
             The game lasted 00:01:18 (338 turns).

Sabo the Ducker (Demonspawn Gladiator)               Turns: 338, Time: 00:01:18

Health: 22/22      AC:  4    Str: 14    XL:     2   Next: 0%
Magic:  2/2        EV: 12    Int:  9    God:
Gold:   19         SH:  0    Dex: 14    Spells: 1/1 levels left

rFire   . . .        a - +0 war axe
rCold   . . .        (no shield)
rNeg    . . .        b - +0 leather armour
rPois   .            c - +0 helmet
rElec   .            (no cloak)
rCorr   .            (no gloves)
SInv    .            (no boots)
Will    .....        (no amulet)
Stlth   +            (no ring)
HPRegen 0.23/turn    (no ring)
MPRegen 0.08/turn

%: no passive effects
@: no status effects
A: demonic magic 1
a: no special abilities


You escaped.
You visited 1 branch of the dungeon, and saw 1 of its levels.

You collected 19 gold pieces.

Inventory:

Hand Weapons
 a - a +0 war axe (weapon)
Missiles
 d - 3 throwing nets (quivered)
 e - a javelin
Armour
 b - a +0 leather armour (worn)
 c - a +0 helmet (worn)
Scrolls
 f - a scroll of identify {unknown}
 g - a scroll of fear {unknown}


   Skills:
 + Level 2.1 Fighting
 + Level 2.9 Axes
 + Level 1.8 Throwing
 + Level 2.9 Dodging


You had one spell level left.
You didn't know any spells.
Your spell library contained the following spells:

 Spells                   Type           Power      Damage    Failure   Level
 Hailstorm                Conj/Ice       0%         3d3       83%         3
 Ice Form                 Ice/Tmut       0%         N/A       99%         4
 Simulacrum               Ice/Necr       0%         N/A       100%        6


Dungeon Overview and Level Annotations

Branches:
Dungeon (1/15)

Altars:


Innate Abilities, Weirdness & Mutations

Spells you cast may paralyse adjacent enemies.


Message History

Found a ruby potion.
A bat comes into view.
A frilled lizard comes into view.
You see here a ruby potion.
A quokka comes into view.
Found a stone staircase leading down.
The frilled lizard hisses angrily.
The bat closely misses you. The quokka bites you. The bat closely misses you.
The quokka bites you. The quokka barely misses you.
You barely miss the quokka. You closely miss the bat.
The bat barely misses you. The quokka bites you. x2
You barely miss the quokka. You closely miss the frilled lizard.
The bat completely misses you. The quokka closely misses you.
The frilled lizard closely misses you. The quokka closely misses you.
You hit the quokka.
The quokka is almost dead.
You barely miss the frilled lizard. You closely miss the bat.
The bat closely misses you.
The frilled lizard hisses.
The frilled lizard closely misses you. The quokka closely misses you.
The frilled lizard bites you but does no damage.
You slash the frilled lizard!
You kill the frilled lizard!
You miss the bat. You hit the quokka.
You kill the quokka!
The bat barely misses you. The bat hits you.
You closely miss the bat. The bat hits you but does no damage.
You slash the bat!
You kill the bat!
You have reached level 2!
Your demonic ancestry asserts itself...
A menacing aura infuses your magic.
You start resting.
HP restored.
There is a staircase leading out of the dungeon here.
You can't go down here!
Are you sure you want to leave the Dungeon?
This will make you lose the game!
You have escaped!

#8.....8#...##.####..
##.....##.........#..
#.....#.........##..
###.....###..####.##.#
#.........#.......##.#
##.........####.#####.#
#...........#...# #.#
####...........##### ###..
#8.......@.......8# #....
####......)....#######.#.#
#...........###.#...#.#
##.........##.....###..
#..8...8..#.#.....###.
###.....###.#.....# .
###.###.........# > #.#
..........# . #8#
........!.###.


There were no monsters in sight!

Vanquished Creatures
  A bat (D:1)
  A giant cockroach (D:1)
  2 jackals (D:1)
  A quokka (D:1)
  A frilled lizard (D:1)
  A rat (D:1)
7 creatures vanquished.

Notes
Turn   | Place    | Note
-------+----------+-------------------------------------------
     0 | D:1      | Sabo the Demonspawn Gladiator began the quest for the Orb.
     0 | D:1      | Reached XP level 1. HP: 16/16 MP: 1/1
   222 | D:1      | Gained mutation: Spells you cast may paralyse adjacent
                  | enemies. [demonic ancestry]
   222 | D:1      | Reached XP level 2. HP: 12/22 MP: 2/2
   338 | D:$      | Got out of the dungeon alive.

Illustrated notes

Levels and vault maps discovered:
D:1:      psy_arrival_heroes, layout_rooms, serial_bayou, serial_bayou_lagoon_a,
          serial_bayou_lagoon_b, serial_bayou_pond_d, serial_bayou_ford_a

Action                     || total
---------------------------++-------
  Melee: War axe           ||    18
 Armour: Leather armour    ||     5
  Dodge: Dodged            ||    21
